 Dungeon Crawl Stone Soup version 0.21.1-1-g345015f (webtiles) character file.

205 pelesz the Cutter (level 5, -9/33 HPs)
             Began as a Gargoyle Monk on June 25, 2018.
             Mangled by an ogre
             ... wielding a +0 giant club
              (13 damage)
             ... on level 3 of the Dungeon.
             The game lasted 00:22:58 (3294 turns).

pelesz the Cutter (Gargoyle Monk)                   Turns: 3294, Time: 00:22:58

Health: -9/33      AC: 16    Str: 15    XL:     5   Next: 83%
Magic:  5/5        EV:  5    Int: 11    God:
Gold:   124        SH:  0    Dex: 12    Spells: 4/4 levels left

rFire    . . .     SeeInvis .   a - +0 short sword
rCold    . . .     Gourm    .   (no shield)
rNeg     + . .     Faith    .   o - +0 plate armour
rPois    ∞         Spirit   .   i - +1 helmet
rElec    +         Reflect  .   (no cloak)
rCorr    .         Harm     .   (no gloves)
MR       .....                  (no boots)
Stlth    ..........             (no amulet)
HPRegen  0.11/turn              (no ring)
MPRegen  0.09/turn              (no ring)

@: no status effects
A: negative energy resistance 1, electricity resistance, unbreathing,
petrification resistance, rot immunity, AC +4
a: no special abilities


You were on level 3 of the Dungeon.
You were not hungry.

You visited 1 branch of the dungeon, and saw 4 of its levels.

You collected 124 gold pieces.

Inventory:

Hand Weapons
 a - a +0 short sword (weapon)
Armour
 b - a +0 robe
 e - a +0 scale mail
 i - a +1 helmet (worn)
 o - a +0 plate armour (worn)
Jewellery
 f - an uncursed amulet of magic regeneration {unknown}
Scrolls
 h - 2 scrolls of remove curse
Potions
 g - 2 potions of might
 j - a potion of invisibility {unknown}
 k - a potion of curing {unknown}
 l - a potion of mutation {unknown}
 m - a potion of lignification {unknown}
 p - a potion of degeneration {unknown}
Comestibles
 c - 5 rations


   Skills:
 + Level 4.2 Fighting
 + Level 4.5 Short Blades
 + Level 1.2 Armour
 + Level 3.0 Dodging
 + Level 2.7 Stealth


You had 4 spell levels left.
You didn't know any spells.

Dungeon Overview and Level Annotations

Branches:
Dungeon (4/15)
 Temple: D:4-7

Altars:


Innate Abilities, Weirdness & Mutations

You are resistant to torment.
Your stone body is resilient. (AC +4)
You are immune to poison.
You resist negative energy. (rN+)
You are resistant to electric shocks. (rElec)
You can survive without breathing.
You are immune to petrification.
You are immune to rotting.


Message History

Your plate armour prevents you from hitting the ogre.
The worker ant twitches its antennae in your direction.
The ogre hits you with a giant club.
Your plate armour prevents you from hitting the ogre.
The ogre hits you with a giant club.
You hit the ogre.
The ogre is lightly wounded.
The ogre shouts!
There is a stone staircase leading up here.
The ogre hits you with a giant club.
You climb upwards.
There is a stone staircase leading down here.
There is a stone staircase leading up here.
You hit the ogre but do no damage.
The ogre is lightly wounded.
The ogre hits you with a giant club!!
Ouch! That really hurt!
* * * LOW HITPOINT WARNING * * *
The ogre hits you with a giant club!
You die...

#♣♣.#
#.....................
#.###..#............#.###.
#........#.......#.##.....
####.#..####....##.######.
#...#..# ###<..##÷######.
#...#)## #...#..>........
#...#.# ##.###....#......
#...#.###..# #......#####
#...#.#.@.## #...).####..
#.....#O### #...........
#.....#.# #......###..
#....##.######....#.....#
#....##.#...........###.#
####.........#####.#####
#.# #.......##.### #.# #.#
#..........# #.## #..
#..........##### #..# ###


You could see an ogre.

Vanquished Creatures
  A howler monkey (D:3)
  A worker ant (D:4)
  7 adders
  4 worms
  2 dart slugs (D:2)
  3 leopard geckos
  4 orcs
  3 ball pythons (D:1)
  3 giant cockroaches
  6 goblins
  4 hobgoblins
  A quokka (D:2)
  A bat (D:3)
  4 frilled lizards
  12 kobolds
  8 rats
64 creatures vanquished.

Notes
Turn   | Place    | Note
-------+----------+-------------------------------------------
     0 | D:1      | pelesz the Gargoyle Monk began the quest for the Orb.
     0 | D:1      | Reached XP level 1. HP: 14/14 MP: 1/1
     4 | D:1      | Noticed an electric eel
     4 | D:1      | Noticed an electric eel
   143 | D:1      | Reached XP level 2. HP: 19/19 MP: 2/2
  1044 | D:2      | Reached XP level 3. HP: 24/24 MP: 3/3
  1743 | D:2      | Reached XP level 4. HP: 29/29 MP: 4/4
  2438 | D:3      | Reached XP level 5. HP: 29/33 MP: 5/5
  2755 | D:4      | Noticed an ogre
  2847 | D:4      | Reached skill level 1 in Armour
  2897 | D:4      | Noticed a phantom
  3238 | D:4      | Noticed an ogre
  3294 | D:3      | Mangled by an ogre

Skill      XL: |  1  2  3  4  5 |
---------------+----------------+-----
Short Blades   | 3 4 |  4.5
Fighting       | 4 |  4.2
Dodging        | 3 |  3.0
Armour         | 1 |  1.2
Stealth        | |  2.7

Action                   |  1- 3 |  4- 6 || total
-------------------------+-------+-------++-------
Melee: Short sword       |   144 |   215 ||   359
  Use: Scroll            |       |     5 ||     5
 Stab: Sleeping          |     3 |     1 ||     4
  Eat: Chunk             |     2 |     6 ||     8
Armor: Robe              |    23 |     1 ||    24
       Plate armour      |       |   116 ||   116
       Scale mail        |       |    19 ||    19
Dodge: Dodged            |    82 |    52 ||   134
